 Dungeon Crawl Stone Soup version 0.27-a0-328-g7f782ed93a (webtiles) character file.

Game seed: 8275807304142624414

317 mandarbmax the Skirmisher (level 6, 0/66 HPs)
             Began as an Ogre Gladiator on Feb 12, 2021.
             Slain by an orc warrior
             ... wielding a +0 flail
              (14 damage)
             ... on level 4 of the Dungeon.
             The game lasted 00:04:49 (3138 turns).

mandarbmax the Skirmisher (Ogre Gladiator)          Turns: 3138, Time: 00:04:49

Health: 0/66       AC:  3    Str: 19    XL:     6   Next: 44%
Magic:  6/6        EV: 10    Int:  9    God:
Gold:   140        SH:  0    Dex: 12    Spells: 5/5 levels left

rFire    x . .     SeeInvis .   a - +0 quarterstaff
rCold    + . .     Faith    .   (shield currently unavailable)
rNeg     + . .     Spirit   .   b - +0 robe
rPois    .         Reflect  .   c - +0 hat
rElec    .         Harm     .   (no cloak)
rCorr    .         Rampage  .   (gloves unavailable)
Will     .....                  (boots unavailable)
Stlth    +.........             (no amulet)
HPRegen  0.21/turn              m - ring of positive energy
MPRegen  0.10/turn              q - ring of ice

@: flying
A: large, unfitting armour, tough skin 1
a: no special abilities


You were on level 4 of the Dungeon.
You visited 1 branch of the dungeon, and saw 4 of its levels.

You collected 250 gold pieces.
You spent 110 gold pieces at shops.

Inventory:

Hand Weapons
 a - a +0 quarterstaff (weapon)
Missiles
 d - 3 throwing nets
 i - 6 boomerangs
 n - 2 poisoned darts (quivered)
Armour
 b - a +0 robe (worn)
 c - a +0 hat (worn)
Jewellery
 m - a ring of positive energy (left hand)
 q - a ring of ice (right hand)
Scrolls
 e - a scroll of amnesia {unknown}
 f - a scroll of enchant weapon {unknown}
 h - 3 scrolls of teleportation
 j - a scroll of identify {unknown}
 l - a scroll of noise {unknown}
 p - 2 scrolls of blinking {unknown}
 r - a scroll of magic mapping
 s - a scroll of fog
 u - a scroll of immolation {unknown}
Potions
 o - a potion of invisibility {unknown}
 t - a potion of attraction {unknown}


   Skills:
 + Level 5.4 Fighting
 + Level 4.5 Staves
 + Level 4.0 Throwing
 - Level 3.0 Dodging


You had 5 spell levels left.
You didn't know any spells.
Your spell library was empty.

Dungeon Overview and Level Annotations

Branches:
Dungeon (4/15)
 Temple: D:4-7

Altars:
Ashenzari
Cheibriados
Uskayaw

Shops:
D:4 *


Innate Abilities, Weirdness & Mutations

You are too large for most types of armour.
You have tough skin. (AC +1)


Message History

The giant cockroach misses you.
You hit the orc warrior.
The orc warrior is moderately wounded.
The orc warrior hits you with a +0 flail!
The giant cockroach barely misses you.
You are too injured to fight recklessly!
You are too injured to fight recklessly!
You are too injured to fight recklessly!
The orc warrior hits you with a +0 flail!
* * * LOW HITPOINT WARNING * * *
You see here a worm corpse.
You feel much better. The giant cockroach barely misses you.
You hit the giant cockroach but do no damage.
The giant cockroach bites you but does no damage.
The giant cockroach barely misses you.
You hit the giant cockroach.
The giant cockroach is heavily wounded.
The giant cockroach closely misses you.
You hit the giant cockroach.
You kill the giant cockroach!
You hit the orc warrior but do no damage.
The orc warrior is heavily wounded.
The orc warrior closely misses you.
You hit the orc warrior but do no damage.
The orc warrior is heavily wounded.
The orc warrior closely misses you.
You hit the orc warrior but do no damage.
The orc warrior is severely wounded.
The orc warrior hits you with a +0 flail!
You closely miss the orc warrior.
The orc warrior is severely wounded.
The orc warrior hits you with a +0 flail!!
* * * LOW HITPOINT WARNING * * *
You barely miss the orc warrior.
The orc warrior is severely wounded.
It was a potion of flight.
You feel very buoyant.
You fly up into the air.
The orc warrior hits you with a +0 flail!
You die...

.. .. #..... ..## #. .......
....# ..#.......
...##..(.......
#.........(....
#.#..##((......
#.#..##(#......
#..#.@o.......#
######...##.......#
........###.....#.#
...####..##....##.
#..##.........##.#
#.............# ..#
##.#...........# ... ### #
####....####......#####.###..
#.#....#.# ###....>......#.<#


You could see an orc warrior (poisoned).

Vanquished Creatures
  A scorpion (D:4)
  An orc priest (D:4)
  An iguana (D:2)
  2 orc wizards (D:4)
  A worker ant (D:4)
  4 adders (D:3)
  An ooze (D:3)
  3 worms
  A dart slug (D:2)
  2 leopard geckos
  5 orcs
  5 bats
  5 giant cockroaches
  10 goblins
  8 hobgoblins
  8 jackals (D:1)
  2 quokkas
  A ball python (D:3)
  3 frilled lizards
  5 kobolds
  14 rats
83 creatures vanquished.

Notes
Turn   | Place    | Note
-------+----------+-------------------------------------------
     0 | D:1      | mandarbmax the Ogre Gladiator began the quest for the Orb.
     0 | D:1      | Reached XP level 1. HP: 22/22 MP: 1/1
   214 | D:1      | Reached skill level 3 in Fighting
   214 | D:1      | Reached XP level 2. HP: 31/31 MP: 2/2
   515 | D:1      | Reached XP level 3. HP: 37/37 MP: 3/3
  1001 | D:2      | Found a hide-covered altar of Uskayaw.
  1307 | D:2      | Reached XP level 4. HP: 41/48 MP: 4/4
  1717 | D:2      | Reached skill level 4 in Fighting
  2092 | D:2      | Found a snail-covered altar of Cheibriados.
  2373 | D:3      | Reached XP level 5. HP: 52/54 MP: 5/5
  2517 | D:3      | Found a broken altar of Ashenzari.
  2869 | D:4      | Found Weokich's General Store.
  2883 | D:4      | Bought a scroll of teleportation for 39 gold pieces
  2883 | D:4      | Bought a scroll of magic mapping for 45 gold pieces
  2883 | D:4      | Bought a scroll of fog for 26 gold pieces
  2903 | D:4      | Reached skill level 5 in Fighting
  2903 | D:4      | Reached XP level 6. HP: 66/66 MP: 6/6
  2995 | D:4      | Noticed an orc warrior
  3138 | D:4      | Slain by an orc warrior

Illustrated notes

Levels and vault maps discovered:
D:1:      dpeg_arrival_ternary, layout_loops_ring
D:2:      layout_basic, nicolae_overflow_crystal_walls, kennysheep_slug_shrine,
          feat_on_display
D:3:      layout_basic, evilmike_ruin_ashenzari
D:4:      layout_rooms, kennysheep_mini_moat, serial_shops, shop_coins,
          nrook_mini_backslash, kennysheep_crisscross

Skill      XL: |  1  2  3  4  5  6 |
---------------+-------------------+-----
Fighting       | 3 4 5 |  5.4
Dodging        | 3 |  3.0
Throwing       | 3 4 |  4.0
Staves         | 4 |  4.5

Action                   |  1- 3 |  4- 6 || total
-------------------------+-------+-------++-------
Melee: Quarterstaff      |   117 |   120 ||   237
Throw: Dart              |       |    30 ||    30
  Use: Potion            |       |     3 ||     3
 Stab: Sleeping          |     2 |       ||     2
Armor: Robe              |    51 |    41 ||    92
Dodge: Dodged            |    75 |    77 ||   152

Table legend: (Time is in decaauts)
 A = Elapsed time spent in this place.
 B = Non-inter-level travel time spent in this place.
 C = Inter-level travel time spent in this place.
 D = Time resting spent in this place.
 E = Time spent auto-exploring this place.
 F = Levels seen in this place.
 G = Mean time per level.
                   A        B        C        D        E       F      G
               +--------+--------+--------+--------+--------+-----+--------+
         Total |   3162 |   3079 |     83 |      0 |   2523 |   4 |  790.5 |
       Dungeon |   3162 |   3079 |     83 |      0 |   2523 |   4 |  790.5 |
               +--------+--------+--------+--------+--------+-----+--------+

Top non-repeatable levels by time:
     D:2: 1232 daAuts
     D:1: 1013 daAuts
     D:3: 571 daAuts
     D:4: 345 daAuts
